AoeStats
← AoEE.Bo

African Clearing

511337971Analyzed
3v3 RM · 14d ago on Oct 4, 2026· 45m 10s· 6 players
Game mode
Random Map
Map size
Normal (6 player)
Population
200
Speed
Normal
Resources
Standard
Victory
Conquest
Starting age
Dark Age
Ending age
Imperial Age
RankedLock teamsTeams togetherTeam positionsShared explorationLock speedFull tech treeHidden civsTurbo modeCheats
Victory
Defeat
🇵🇪 Malians · Peru
1188
+13
🇪🇸 Berbers · Spain
1147
+15
🇫🇷 Huns · France
1123
+16
vs
🇷🇺 Vietnamese · Russia
1177
-16
🇪🇪 Wei · Estonia
1154
-16
🇪🇪 Persians · Estonia
1055
-12
BRISKA
6:18 Loom
13:31 Feudal Age
14:44 Double-Bit Axe
18:09 Castle Age
17:16 Stone Mining
17:19 Gold Mining
19:37 Stone Shaft Mining
19:31 Bow Saw
22:46 Husbandry
23:11 Bloodlines
24:25 Fletching
25:58 Horse Collar
27:44 Padded Archer Armor
30:29 Ballistics
31:54 Bodkin Arrow
34:26 Leather Archer Armor
38:43 Imperial Age
37:12 Heavy Plow
38:01 Thumb Ring
38:51 Gold Shaft Mining
38:50 Elite Camel Archer
39:51 Conscription
40:35 Chemistry
39:39 Bracer
40:10 Ring Archer Armor
41:29 Wheelbarrow
43:35 Light Cavalry
44:40 Hussar
Toska
9:33 Loom
12:25 Feudal Age
16:34 Castle Age
15:58 Double-Bit Axe
21:52 Scale Barding Armor
24:33 Town Watch
26:55 Wheelbarrow
27:05 Forging
30:20 Marauders
31:34 Husbandry
31:44 Bloodlines
33:54 Chain Barding Armor
34:11 Iron Casting
35:20 Light Cavalry
36:08 Fletching
39:26 Imperial Age
39:30 Elite Tarkan
40:49 Plate Barding Armor
41:15 Blast Furnace
42:36 Bodkin Arrow
AdamSvp21
6:38 Loom
14:05 Feudal Age
18:25 Castle Age
17:36 Double-Bit Axe
20:09 Fletching
28:11 Bodkin Arrow
32:52 Horse Collar
35:18 Town Watch
36:15 Wheelbarrow
41:49 Imperial Age
43:18 Forging
43:09 Squires
45:32 Gold Mining
45:54 Bow Saw
AoEE.Bo
5:50 Loom
13:46 Feudal Age
15:04 Horse Collar
16:01 Double-Bit Axe
17:46 Town Watch
18:38 Wheelbarrow
17:58 Fletching
19:51 Town Watch
23:53 Castle Age
24:04 Padded Archer Armor
24:26 Gold Mining
24:02 Crossbowman
24:50 Thumb Ring
25:24 Bodkin Arrow
28:56 Stone Mining
37:37 Imperial Age
37:03 Ballistics
36:39 Murder Holes
38:18 Arbalester
40:09 Chemistry
39:28 Hand Cart
41:50 Onager
MJATEZHNIK.Bobihnoo
10:29 Loom
14:19 Feudal Age
19:15 Castle Age
17:50 Scale Barding Armor
17:35 Double-Bit Axe
20:44 Fletching
25:53 Bow Saw
26:00 Horse Collar
27:24 Gold Mining
29:19 Heavy Plow
30:21 Pikeman
32:33 Stone Mining
35:06 Wheelbarrow
38:01 Imperial Age
37:00 Husbandry
37:11 Bloodlines
37:45 Ballistics
37:08 Treadmill Crane
38:15 Gold Shaft Mining
valjashestero
12:41 Loom
15:12 Feudal Age
18:50 Castle Age
17:50 Scale Barding Armor
18:13 Gold Mining
18:40 Bloodlines
18:59 Forging
21:37 Husbandry
28:31 Horse Collar
28:43 Double-Bit Axe
29:55 Chain Barding Armor
31:59 Iron Casting
32:17 Wheelbarrow
32:05 Fletching
41:28 Imperial Age
Connection lost

Rejoining the realm…

Still unreachable

The connection could not be restored.

Session expired

The server has moved on; the page needs a fresh start.